 Dungeon Crawl Stone Soup version 0.28-a0-726-g4a9143789a (webtiles) character file.

Game seed: 16004983456400931568

7 ytrimaz the Grave Robber (level 1, -2/13 HPs)
             Began as a Demonspawn Necromancer on Oct 27, 2021.
             Slain by a jackal (3 damage)
             ... on level 1 of the Dungeon.
             The game lasted 00:00:41 (470 turns).

ytrimaz the Grave Robber (Demonspawn Necromancer)    Turns: 470, Time: 00:00:42

Health: -2/13      AC:  2    Str:  5 (8)  XL:     1   Next: 91%
Magic:  1/3        EV: 12    Int: 15 (16) God:
Gold:   6          SH:  0    Dex: 10 (13) Spells: 3/4 levels left

rFire   . . .      SeeInvis .   (no weapon)
rCold   . . .      Faith    .   (no shield)
rNeg    . . .      Spirit   .   a - +0 robe
rPois   .          Reflect  .   (no helmet)
rElec   .          Harm     .   (no cloak)
rCorr   .          Rampage  .   (no gloves)
Will    .....                   (no boots)
Stlth   ++........              (no amulet)
HPRegen 0.04/turn               (no ring)
MPRegen 0.08/turn               (no ring)

@: no status effects
A: no striking features
a: no special abilities


You were on level 1 of the Dungeon.
You visited 1 branch of the dungeon, and saw 1 of its levels.

You collected 6 gold pieces.

Inventory:

Missiles
 c - 6 curare-tipped darts
Armour
 a - a +0 robe (worn)
Scrolls
 b - a scroll of enchant armour {unknown}
Potions
 e - a potion of degeneration


   Skills:
 - Level 1.7 Dodging
 - Level 1.7 Stealth
 + Level 2.1 Spellcasting
 + Level 4.8 Necromancy


You had 3 spell levels left.
You knew the following spells:

 Your Spells              Type           Power      Damage    Failure   Level
a - Pain                  Necr           64%        1d7       3%          1

Your spell library contained the following spells:

 Spells                   Type           Power      Damage    Failure   Level
 Animate Skeleton         Necr           32%        N/A       3%          1
 Vampiric Draining        Necr           8%         2d7       9%          3
 Frozen Ramparts          Ice            2%         1d2       54%         3
 Animate Dead             Necr           8%         N/A       30%         4
 Agony                    Necr           16%        N/A       63%         5
 Ice Form                 Ice/Tmut       1%         N/A       91%         4
 Summon Ice Beast         Ice/Summ       1%         N/A       91%         4


Dungeon Overview and Level Annotations

Branches:
Dungeon (1/15)

Altars:

Shops:
D:1 (


Message History

You are too depleted to draw on your mana recklessly!
Unknown command.
The jackal closely misses you. The jackal closely misses you.
You closely miss the jackal.
The jackal is moderately wounded.
The jackal bites you. The jackal barely misses you.
You closely miss the jackal.
The jackal is lightly wounded.
The jackal barely misses you. The jackal closely misses you.
You closely miss the jackal.
The jackal is lightly wounded.
The jackal barely misses you. x4
It was a potion of curing.
You feel better. The jackal bites you. x2
Unknown command.
It was a potion of degeneration.
There was something very wrong with that liquid.
You feel weakened.
You feel dopey.
You feel clumsy. The jackal bites you. The jackal closely misses you.
The jackal bites you but does no damage.
You hit the jackal.
The jackal is moderately wounded.
You closely miss the jackal. The jackal barely misses you.
The jackal closely misses you.
You barely miss the jackal. The jackal closely misses you.
The jackal misses you. The jackal bites you.
The jackal bites you but does no damage.
You hit the jackal but do no damage. The jackal closely misses you.
The jackal bites you.
You closely miss the jackal. The jackal bites you. x2
The jackal bites you but does no damage.
The jackal barely misses you.
You barely miss the jackal. The jackal bites you.
* * * LOW HITPOINT WARNING * * *
The jackal bites you.
* * * LOW HITPOINT WARNING * * *
You closely miss the jackal. The jackal barely misses you.
The jackal closely misses you.
You barely miss the jackal. The jackal bites you.
You die...

######## ...[...#
######.# # #.# #
#.#
######.###########
##.............h@#
##.###.#########h#
...# #.# #h# ####
#.# #.# # #.# #.#
######.# ####.#
.......# #....#
######## #h####
...###### #.


You could see 3 jackals.

Vanquished Creatures
  An endoplasm (D:1)
  A giant cockroach (D:1)
  A jackal (D:1)
  A kobold (D:1)
  2 ball pythons (D:1)
  A rat (D:1)
7 creatures vanquished.

Notes
Turn   | Place    | Note
-------+----------+-------------------------------------------
     0 | D:1      | ytrimaz the Demonspawn Necromancer began the quest for the
                  | Orb.
     0 | D:1      | Reached XP level 1. HP: 13/13 MP: 3/3
    32 | D:1      | Found Wifoamp's Antique Weapon Shop.
   470 | D:1      | Slain by a jackal

Illustrated notes

Levels and vault maps discovered:
D:1:      shiori_arrival_elements, layout_loops_ring, serial_shops,
          nicolae_shop_statue_plus

Action                   || total
-------------------------++-------
Melee: Unarmed           ||    11
 Cast: Pain              ||    11
  Use: Potion            ||     2
Armor: Robe              ||     3
Dodge: Dodged            ||    18

Table legend: (Time is in decaauts)
 A = Elapsed time spent in this place.
 B = Non-inter-level travel time spent in this place.
 C = Inter-level travel time spent in this place.
 D = Time resting spent in this place.
 E = Time spent auto-exploring this place.
 F = Levels seen in this place.
 G = Mean time per level.
                   A        B        C        D        E       F      G
               +--------+--------+--------+--------+--------+-----+--------+
         Total |    470 |    470 |      0 |      0 |    396 |   1 |  470.0 |
       Dungeon |    470 |    470 |      0 |      0 |    396 |   1 |  470.0 |
               +--------+--------+--------+--------+--------+-----+--------+

Top non-repeatable levels by time:
     D:1: 470 daAuts
